 Dungeon Crawl Stone Soup version 0.29-a0-40-g8eb35efe60 (webtiles) character file.

Game seed: 9988370363367230089

103922 browni3141 the Carver (level 15, -9/121 HPs)
             Began as a Demigod Conjurer on Feb 1, 2022.
             Mangled by a skeletal warrior (18 damage)
             ... led by a death knight
             ... on level 15 of the Dungeon on Feb 2, 2022.
             The game lasted 01:41:37 (34953 turns).

browni3141 the Carver (Demigod Conjurer)           Turns: 34953, Time: 01:41:38

Health: -9/121     AC: 33    Str: 25    XL:     15   Next: 43%
Magic:  28/28      EV: 10    Int: 21    God:
Gold:   1350       SH:  0    Dex: 12    Spells: 12/26 levels left

rFire   . . .      SeeInvis +   b - +4 scimitar (flame)
rCold   + + +      Faith    .   (no shield)
rNeg    + . .      Spirit   .   S - +7 chain mail of Duty {rElec rN+}
rPois   .          Reflect  .   Z - +0 helmet of Conscience {rC+++ Regen+ Str+5 Int-3}
rElec   +          Harm     .   r - +0 cloak {rC+}
rCorr   .          Rampage  .   x - +2 pair of gloves
Will    +....                   o - +2 pair of boots
Stlth   ..........              v - amulet of magic regeneration
HPRegen 1.10/turn               t - ring of see invisible
MPRegen 0.61/turn               P - +4 ring of protection

@: lethally poisoned (-9 -> -12), studying Transmutations
A: high MP 1, forlorn, divine attributes, dopey 2
a: no special abilities


You were on level 15 of the Dungeon.
You visited 3 branches of the dungeon, and saw 23 of its levels.
You also visited: Gauntlet and Ice Cave.

You collected 2256 gold pieces.
You spent 906 gold pieces at shops.

Inventory:

Hand Weapons
 b - a +4 scimitar of flaming (weapon)
 V - a +1 short sword of venom
Armour
 h - a +2 cloak of stealth
 o - a +2 pair of boots (worn)
 r - a +0 cloak of cold resistance (worn)
 x - a +2 pair of gloves (worn)
 K - a +1 tower shield
 S - the +7 chain mail of Duty (worn) {rElec rN+}
   (You took it off a minotaur in a Gauntlet)

   rElec:     It insulates you from electricity.
   rN:        It protects you from negative energy.
 Z - the +0 helmet of Conscience (worn) {rC+++ Regen+ Str+5 Int-3}
   (You bought it in a shop on level 10 of the Dungeon)

   Str:       It affects your strength (+5).
   Int:       It affects your intelligence (-3).
   rC:        It renders you almost immune to cold.
   Regen:     It increases your rate of health regeneration.
Jewellery
 f - a ring of magical power
 t - a ring of see invisible (left hand)
 v - an amulet of magic regeneration (around neck)
 y - a ring of protection from fire
 P - a +4 ring of protection (right hand)
 U - a ring of ice
 W - a +4 ring of evasion
 X - a +4 ring of protection
Wands
 i - a wand of digging (10)
 w - a wand of iceblast (18)
 H - a wand of polymorph (18)
 J - a wand of acid (3)
 T - a wand of mindburst (6)
Scrolls
 a - a scroll of noise
 c - 9 scrolls of immolation
 d - a scroll of fog
 e - 5 scrolls of brand weapon
 k - 6 scrolls of vulnerability
 l - a scroll of magic mapping
 m - 2 scrolls of fear
 s - 10 scrolls of teleportation
 E - 5 scrolls of amnesia
 N - 3 scrolls of enchant weapon
 R - a scroll of summoning
 Y - 3 scrolls of blinking
Potions
 g - 5 potions of curing
 j - a potion of might
 p - 2 potions of heal wounds
 q - a potion of cancellation
 u - a potion of resistance
 z - 3 potions of brilliance
 A - a potion of berserk rage {unknown}
 B - a potion of lignification {unknown}
 C - a potion of invisibility {unknown}
 F - 4 potions of flight
 G - a potion of ambrosia {unknown}
 I - 3 potions of mutation {unknown}
 L - 3 potions of attraction {unknown}
 Q - 2 potions of magic {unknown}
Miscellaneous
 n - a phantom mirror
 O - a condenser vane


   Skills:
 + Level 8.2 Fighting
 - Level 14.0 Long Blades
 + Level 11.8 Armour
 - Level 5.0 Dodging
 - Level 1.7 Stealth
 - Level 6.0 Spellcasting
 + Level 13.4 Conjurations
 - Level 7.0 Hexes
 - Level 5.0 Translocations
 - Level 5.0 Evocations


You had 12 spell levels left.
You knew the following spells:

 Your Spells              Type           Power      Damage    Failure   Level
a - Magic Dart            Conj           100%       1d8       1%          1
b - Searing Ray           Conj           100%       2d8       1%          2
c - Dazzling Flash        Conj/Hex       98%        N/A       1%          3
d - Fulminant Prism       Conj/Hex       24%        3d13      7%          4
e - Iskenderun's Mystic   Conj/Tloc      45%        2d10      11%         4

Your spell library contained the following spells:

 Spells                   Type           Power      Damage    Failure   Level
 Blink                    Tloc           54%        N/A       9%          2
 Stone Arrow              Conj/Erth      68%        3d11      9%          3
 Ensorcelled Hibernation  Hex/Ice        42%        N/A       16%         2
 Lesser Beckoning         Tloc           27%        N/A       17%         3
 Animate Skeleton         Necr           12%        N/A       41%         1
 Pain                     Necr           24%        1d5       41%         1
 Sandblast                Erth           12%        2d6       41%         1
 Corpse Rot               Necr/Air       12%        N/A       56%         2
 Passwall                 Tmut/Erth      5%         N/A       56%         2
 Leda's Liquefaction      Hex/Erth       10%        N/A       71%         4
 Ozocubu's Armour         Ice            6%         N/A       80%         3
 Swiftness                Air            6%         N/A       80%         3
 Vampiric Draining        Necr           6%         2d6       80%         3
 Manifold Assault         Tloc           27%        N/A       85%         5
 Animate Armour           Summ/Erth      12%        N/A       99%         4
 Animate Dead             Necr           3%         N/A       99%         4
 Dispel Undead            Necr           6%         3d8       99%         4
 Summon Forest            Summ/Tloc      8%         N/A       99%         5
 Iron Shot                Conj/Erth      17%        9d4       99%         6
 Blade Hands              Tmut           3%         N/A       100%        5
 Borgnjor's Vile Clutch   Necr/Erth      3%         N/A       100%        5
 Lee's Rapid Deconstruct  Erth           3%         3d6*      100%        5
 Death Channel            Necr           3%         N/A       100%        6
 Eringya's Noxious Bog    Tmut/Pois      3%         N/A       100%        6
 Statue Form              Tmut/Erth      4%         N/A       100%        6
 Malign Gateway           Summ/Tloc      8%         N/A       100%        7
 Ozocubu's Refrigeration  Ice            3%         4d5       100%        7
 Summon Hydra             Summ           3%         N/A       100%        7
 Lehudib's Crystal Spear  Conj/Erth      17%        10d5      100%        8
 Summon Horrible Things   Summ           3%         N/A       100%        8


Dungeon Overview and Level Annotations

Branches:
Dungeon (15/15)            Temple (0/1) D:5            Lair (6/6) D:8
  Swamp (0/4) Lair:2       Spider (0/4) Lair:2        Slime (0/5) Lair:5
    Orc (2/2) D:10            Elf (0/3) Orc:2        Vaults (0/5) D:13
 Depths (0/4) D:15          IceCv (visited)         Gauntlet (visited)

Shops:
D:5 =[   D:9 (   D:10 [   Orc:1 (   Orc:2 :[?:!

Portals:
Pandemonium: Orc:2

Annotations:
D:4 exclusion: downstairs
Lair:1 exclusion: downstairs
Lair:2 exclusion: downstairs
Lair:4 exclusion: 3 oklob plants
Orc:1 Acaps's ghost, journeyman GrFi


Innate Abilities, Weirdness & Mutations

You have an increased reservoir of magic. (+10% MP)
You shall have no god before yourself.
Your divine heritage dramatically boosts your attributes as you level up.
You are very dopey. (Int -4)


Message History

The skeletal warrior hits you but does no damage.
Unknown command.
You hit the meliai. You burn the meliai.
The meliai is almost dead.
You feel very sick. The meliai misses you.
The meliai stings you but does no damage.
The meliai mumbles some strange prayers to its god against you.
Something smites you!
You completely miss the meliai.
The meliai is almost dead.
You feel very sick. The skeletal warrior barely misses you.
The meliai calls down the wrath of its god upon you.
Something smites you!
* * * LOW HITPOINT WARNING * * *
You miss the meliai.
The meliai is almost dead.
You feel very sick. The meliai closely misses you. The meliai stings you!
* * * LOW HITPOINT WARNING * * *
The skeletal warrior hits you but does no damage.
Unknown command.
You closely miss the meliai.
The meliai is almost dead.
You feel sick. The meliai hits you but does no damage.
The meliai stings you but does no damage.
The meliai hits you with a +0 war axe!
* * * LOW HITPOINT WARNING * * *
The meliai stings you but does no damage.
The skeletal warrior barely misses you.
Unknown command.
You feel much better.
You feel sick.
The meliai mumbles some strange prayers to its god against you.
Something smites you!
* * * LOW HITPOINT WARNING * * *
The meliai hits you but does no damage. The meliai stings you.
* * * LOW HITPOINT WARNING * * *
The skeletal warrior hits you from afar with a +0 glaive!!
You die...

*#.......### #....#
#........# #....#
.........# #....#
.......### #....#
.......# #....#
######,* #.####
.....#,* #.# <....#,*
#)# .....#.# #@#
!......# #y# .......#
#z# #..##..# #W#####
*..#*,.##**** #.....#
*###*,,.....####.....#
#****,,,.............#
#.,**,**.##..####....#
...#*,**,*#...z....###


You could see a skeletal warrior, a freezing wraith and a meliai.

Vanquished Creatures
  2 ghouls
  An ironbound preserver (D:13)
  A minotaur (Gauntlet)
  An ettin (D:15)
  A fire dragon (D:15)
  A great orb of eyes (D:15)
  A rakshasa (D:14)
  7 hydras
  An ice dragon (D:15)
  3 boulder beetles
  3 centaur warriors
  3 demonspawn (Orc:2)
  A death knight (D:15)
  A merfolk avatar (Lair:6)
  9 death yaks
  6 two-headed ogres
  A tengu warrior (D:13)
  Sonja (Orc:2)
  4 orc high priests (Orc:2)
  4 sixfirhies (Gauntlet)
  3 skeletal warriors (D:14)
  2 sea snakes (Lair:6)
  9 orc sorcerers
  4 orc knights
  2 necromancers
  A harpy (Lair:6)
  2 oklob plants (Lair:4)
  5 ugly things
  6 manticores
  8 cyclopes
  6 elephants
  3 black mambas
  20 cane toads
  An ice statue (IceCv)
  Joseph (D:8)
  2 gargoyles
  A torpor snail (Lair:6)
  4 freezing wraiths
  2 rime drakes (Lair:6)
  An entropy weaver simulacrum (IceCv)
  3 anaconda simulacra (IceCv)
  An efreet (D:13)
  An unseen horror (D:11)
  A hellwing (Orc:2)
  15 komodo dragons
  13 ice devils
  A tengu conjurer (D:14)
  A tyrant leech (Lair:2)
  3 hornets
  3 polar bears
  A hornet (shapeshifter) (D:13)
  5 trolls
  2 wind drakes (Lair:6)
  Grinder (D:4)
  14 dream sheep
  10 blink frogs
  A slime creature (D:13)
  A jumping spider (shapeshifter) (D:13)
  6 wyverns
  2 wraiths
  2 shadows
  4 dire elephant simulacra (IceCv)
  A ynoxinul (Orc:2)
  65 yaks
  A vampire (D:13)
  Eustachio (D:3)
  5 death yak simulacra (IceCv)
  3 steam dragons
  2 neqoxecs
  3 vampire mosquitoes
  A chaos spawn (Orc:2)
  4 basilisks
  3 swamp worms
  2 harpy simulacra (IceCv)
  4 wargs
  Menkaure (D:7)
  3 acid dragons (D:12)
  13 water moccasins
  33 orc warriors
  An ice beast (D:5)
  A sky beast (D:6)
  A necrophage (D:6)
  16 wolves
  3 ogres
  6 centaurs
  3 kobold brigands
  2 cane toad simulacra (IceCv)
  A two-headed ogre simulacrum (IceCv)
  9 bullfrogs
  A gnoll sergeant (D:8)
  A water moccasin skeleton (D:5)
  An elephant simulacrum (IceCv)
  7 electric eels
  4 howler monkeys
  26 orc priests
  6 centaur zombies
  3 hounds
  A gnoll shaman (D:8)
  2 iguanas
  16 orc wizards
  8 polar bear simulacra (IceCv)
  10 hell rats
  A troll simulacrum (IceCv)
  2 spriggan simulacra (IceCv)
  2 killer bee zombies
  4 wolf simulacra (IceCv)
  3 mummies (D:14)
  A howler monkey zombie (D:7)
  8 gnolls
  2 adders
  A naga simulacrum (IceCv)
  4 ufetubi
  A worm (D:2)
  A dart slug (D:1)
  58 orcs
  9 endoplasms
  4 giant cockroaches
  4 hobgoblins
  9 jackals
  12 kobolds
  4 quokkas
  6 ball pythons
  6 bats
  A frilled lizard (D:2)
  7 goblins
  7 rats
  A fulminant prism (D:15)
658 creatures vanquished.

Vanquished Creatures (others)
  2 blink frogs
  201 fulminant prisms
  27 fungi
  103 plants
  5 withered plants
338 creatures vanquished.

Grand Total: 996 creatures vanquished

Notes
Turn   | Place    | Note
-------+----------+-------------------------------------------
     0 | D:1      | browni3141 the Demigod Conjurer began the quest for the
                  | Orb.
     0 | D:1      | Reached XP level 1. HP: 14/14 MP: 5/5
   304 | D:1      | Reached XP level 2. HP: 20/20 MP: 1/7
   994 | D:1      | Learned a level 2 spell: Searing Ray
  1599 | D:2      | Reached XP level 3. HP: 19/26 MP: 1/9
  2961 | D:3      | Learned a level 3 spell: Dazzling Flash
  3876 | D:4      | Noticed Eustachio
  3877 | D:4      | Reached XP level 4. HP: 33/33 MP: 7/10
  3889 | D:3      | Killed Eustachio
  3890 | D:3      | Reached skill level 5 in Conjurations
  3890 | D:3      | Reached skill level 1 in Fighting
  3890 | D:3      | Reached XP level 5. HP: 36/40 MP: 0/12
  4258 | D:4      | Noticed Grinder
  5035 | D:5      | Entered Level 5 of the Dungeon
  5035 | D:5      | Noticed a water moccasin
  5035 | D:5      | Found Amua's Jewellery Emporium.
  5069 | D:5      | Found a staircase to the Ecumenical Temple.
  5105 | D:4      | Reached XP level 6. HP: 45/50 MP: 9/13
  5294 | D:5      | Found Pusun's Antique Armour Shoppe.
  5382 | D:5      | Reached skill level 1 in Armour
  6256 | D:5      | Reached XP level 7. HP: 15/57 MP: 10/14
  6796 | D:6      | Reached skill level 5 in Armour
  6999 | D:6      | Reached XP level 8. HP: 38/63 MP: 12/15
  7615 | D:4      | Killed Grinder
  8022 | D:7      | Noticed Menkaure
  8026 | D:7      | Killed Menkaure
  9470 | D:8      | Reached XP level 9. HP: 29/69 MP: 6/18
 10043 | D:8      | Noticed Joseph
 10505 | D:8      | Found a staircase to the Lair.
 10506 | D:8      | Noticed a komodo dragon
 10527 | D:8      | Killed a komodo dragon
 10843 | D:8      | Noticed a two-headed ogre
 10887 | D:8      | Reached skill level 10 in Conjurations
 11183 | D:7      | Learned a level 4 spell: Fulminant Prism
 11192 | D:8      | Killed Joseph
 11193 | D:8      | Reached skill level 1 in Evocations
 11844 | D:8      | Killed a two-headed ogre
 12234 | D:9      | Found Buunt's Antique Weapon Emporium.
 12288 | D:9      | Reached XP level 10. HP: 74/80 MP: 7/19
 12676 | D:9      | Identified the +4 chain mail of Valour {Drain Will+ Dex+3}
 13040 | D:10     | Entered Level 10 of the Dungeon
 13160 | D:10     | Found a staircase to the Orcish Mines.
 13342 | D:10     | Reached skill level 5 in Fighting
 13522 | D:10     | Noticed a two-headed ogre
 13534 | D:10     | Killed a two-headed ogre
 14024 | D:10     | Noticed a two-headed ogre
 14041 | D:10     | Killed a two-headed ogre
 14286 | D:10     | Found Oheumyto's Armour Boutique.
 14338 | D:10     | Reached skill level 5 in Evocations
 14753 | D:10     | Noticed a two-headed ogre
 14766 | D:10     | Killed a two-headed ogre
 14767 | D:10     | Reached XP level 11. HP: 75/86 MP: 5/20
 15117 | D:10     | Noticed Snorg
 15122 | D:10     | Noticed Snorg
 15122 | D:10     | Snorg changed into Snorg the elephant
 15134 | D:10     | Killed Snorg the elephant
 15442 | D:10     | Learned a level 4 spell: Iskenderun's Mystic Blast
 15443 | D:11     | Noticed a boulder beetle
 15454 | D:11     | Killed a boulder beetle
 15455 | D:11     | Reached skill level 10 in Armour
 15455 | D:11     | Reached skill level 1 in Translocations
 15495 | D:11     | Noticed a two-headed ogre
 15526 | D:11     | Killed a two-headed ogre
 15541 | D:11     | Noticed a boulder beetle
 15557 | D:11     | Killed a boulder beetle
 15739 | D:11     | Noticed a two-headed ogre
 15754 | D:11     | Killed a two-headed ogre
 15895 | D:11     | Gained mutation: You are dopey. (Int -2) [a neqoxec]
 16343 | D:11     | Reached skill level 5 in Hexes
 16611 | D:11     | Noticed a death knight
 16997 | Lair:1   | Entered Level 1 of the Lair of Beasts
 17309 | Lair:1   | Reached skill level 5 in Spellcasting
 17743 | Lair:1   | Noticed a six-headed hydra
 17894 | D:10     | Bought the +0 helmet of Conscience {rC+++ Regen+ Str+5
                  | Int-3} for 557 gold pieces
 18607 | Orc:1    | Entered Level 1 of the Orcish Mines
 18730 | Orc:1    | Found Xaimiq's Antique Weapon Shop.
 18870 | Orc:2    | Entered Level 2 of the Orcish Mines
 18885 | Orc:2    | Reached skill level 1 in Long Blades
 18964 | Orc:2    | Noticed Sonja
 19221 | Lair:1   | Reached skill level 2 in Long Blades
 19231 | Lair:1   | Reached XP level 12. HP: 84/94 MP: 23/23
 19473 | Lair:1   | Reached skill level 3 in Long Blades
 19682 | Lair:1   | Reached skill level 4 in Long Blades
 19897 | Lair:1   | Killed a three-headed hydra
 20192 | Lair:2   | Found a staircase to the Swamp.
 20209 | Lair:2   | Reached skill level 5 in Long Blades
 20391 | Lair:2   | Reached skill level 6 in Long Blades
 20600 | D:5      | Bought a transparent chain mail for 237 gold pieces
 20600 | D:5      | Identified the +2 chain mail of the Earth {Will+} (You
                  | bought it in a shop on level 5 of the Dungeon)
 20933 | Lair:2   | Found a hole to the Spider Nest.
 21210 | Lair:2   | Reached skill level 7 in Long Blades
 21703 | Lair:3   | Reached skill level 8 in Long Blades
 22059 | Lair:3   | You fall into a shaft and drop 3 floors!
 22059 | Lair:6   | Entered Level 6 of the Lair of Beasts
 22059 | Lair:6   | Noticed a six-headed hydra
 22113 | Lair:6   | Reached skill level 9 in Long Blades
 22130 | Lair:6   | Reached XP level 13. HP: 30/100 MP: 7/24
 22265 | Lair:6   | Reached skill level 10 in Long Blades
 22343 | Lair:6   | Paralysed by a hornet for 1 turns
 22745 | Lair:6   | Reached skill level 11 in Long Blades
 22925 | Lair:6   | Reached skill level 12 in Long Blades
 23703 | Lair:5   | Found a staircase to the Slime Pits.
 23723 | Lair:5   | Found a frozen archway.
 23748 | IceCv    | Entered an ice cave
 23810 | IceCv    | Reached skill level 13 in Long Blades
 24574 | IceCv    | Reached XP level 14. HP: 106/107 MP: 25/25
 24715 | Lair:5   | Reached skill level 14 in Long Blades
 28622 | Orc:2    | Killed Sonja
 28676 | Orc:2    | Found Efeedab's Self-Improvement Boutique.
 28778 | Orc:1    | Noticed Acaps's ghost (journeyman GrFi)
 28941 | Orc:1    | Found a transporter.
 28972 | Orc:1    | Found a transporter.
 29792 | Orc:2    | Found a staircase to the Elven Halls.
 29997 | Orc:2    | Reached skill level 5 in Translocations
 30159 | Orc:2    | Found Joavucwe's Distillery.
 30162 | Orc:2    | Found Souttir's Magic Scroll Emporium.
 30218 | Orc:2    | Bought a scroll of identify for 28 gold pieces
 30218 | Orc:2    | Bought a scroll of identify for 28 gold pieces
 30218 | Orc:2    | Bought a scroll of identify for 28 gold pieces
 30218 | Orc:2    | Bought a scroll of identify for 28 gold pieces
 31215 | Orc:2    | Found Ucametei's Antique Armour Boutique.
 31215 | Orc:2    | Found Saddiomm's Book Shop.
 31220 | Orc:2    | Gained mutation: You are very dopey. (Int -4) [a neqoxec]
 31242 | Orc:2    | Found a one-way gate leading to the halls of Pandemonium.
 31397 | D:12     | Found a gate leading to a gauntlet.
 31410 | Gauntlet | Entered a Gauntlet
 31410 | Gauntlet | Found a transporter.
 31410 | Gauntlet | Found a transporter.
 31432 | Gauntlet | Found a transporter.
 31433 | Gauntlet | Found a transporter.
 31436 | Gauntlet | Found a runed translucent door.
 31438 | Gauntlet | Found a runed translucent door.
 31440 | Gauntlet | Found a transporter.
 31444 | Gauntlet | Found a transporter.
 31448 | Gauntlet | Found a runed translucent door.
 31448 | Gauntlet | Found a runed translucent door.
 31452 | Gauntlet | Found a transporter.
 31468 | Gauntlet | Found a transporter.
 31482 | Gauntlet | Found a transporter.
 31486 | Gauntlet | Found a transporter.
 31496 | Gauntlet | Found a transporter.
 31500 | Gauntlet | Found a transporter.
 31769 | Gauntlet | Identified the +7 chain mail of Duty {rElec rN+}
 31796 | Gauntlet | Identified the +0 chain mail of the Shore {rElec Regen+
                  | Str+2 Int-2}
 32486 | D:13     | You fall into a shaft and drop 2 floors!
 32486 | D:15     | Entered Level 15 of the Dungeon
 32527 | D:15     | Reached XP level 15. HP: 74/103 MP: 14/28
 32595 | D:14     | Reached skill level 5 in Dodging
 32834 | D:13     | Found a gate to the Vaults.
 34953 | D:15     | Mangled by a skeletal warrior

Illustrated notes

Levels and vault maps discovered:
D:1:      minmay_arrival_wavy_path, layout_loops_ring, minmay_misc_feat_cross
D:2:      layout_loops_ring, shapermc_ecumenical_altar_flowoftime,
          kennysheep_generic_room_14
D:3:      layout_basic, minmay_between
D:4:      layout_cave_pods, uniq_grinder, uniq_eustachio
D:5:      layout_basic, nicolae_ashenzari_panopticon, temple_fountains,
          serial_shops, shop_statue, shop, grunt_ministairs_2,
          grunt_decor_resistance
D:6:      layout_basic
D:7:      layout_loops_ring, uniq_menkaure
D:8:      layout_basic, david_lair_shrubbed, uniq_joseph
D:9:      layout_irregular_city, serial_shops, nicolae_shop_advertising_works
          [nicolae_subvault_shop_adworks]
D:10:     layout_layer_cave, orc_0_dummy, serial_shops, nicolae_shop_trees,
          kennysheep_generic_room_2, uniq_snorg
D:11:     minmay_inner_zag, layout_gridville
D:12:     layout_basic, gauntlet_entry_generic
D:13:     layout_stronghold, skrybe_vaults_entry_preservation,
          serial_bayou_lake_a
D:14:     layout_loops_cross, serial_undead, serial_undead_d, serial_undead_b,
          serial_undead_b, serial_undead_f, zin_angel
D:15:     grunt_enter_depths_hoard, layout_irregular_city,
          hangedman_decor_growths, minivault_25_ag, minmay_misc_feat_diagonals,
          lightli_wizard_tower
Lair:1:   layout_chaotic_city, st_stairs_9, columned_hall_lemuel
Lair:2:   layout_chaotic_city, minmay_swamp_entry_worms, dummy_spider_entry
Lair:3:   layout_layer_cave, grunt_megastairs_1, infiniplex_staircase_pool
Lair:4:   minmay_lair_oklob_chamber, layout_cave_pods, lemuel_fruit_tree
Lair:5:   wad_woods_structure_01, layout_gridlike, slime_altar_1,
          portal_ice_cave_demonic_guard, chequers_serial_rivers_micro_e
Lair:6:   gammafunk_lair_ancient_temple, layout_regular_city,
          serial_bayou_lagoon_b
Orc:1:    layout_caves, serial_shops, shop, gammafunk_ghost_arena
Orc:2:    pf_orc_diabolical, layout_caves, basic_altar, nicolae_shop_self_help,
          uniq_sonja

Skill      XL: |  1  2  3  4  5  6  7  8  9 10 11 12 13 14 15 |
---------------+----------------------------------------------+-----
Spellcasting   | 2 3 4 5 6 |  6.0
Conjurations   | 4 5 6 8 10 11 12 13 | 13.4
Hexes          | 2 3 4 6 7 |  7.0
Fighting       | 1 2 3 4 5 6 8 |  8.2
Armour         | 4 5 6 9 10 11 | 11.8
Evocations     | 2 5 |  5.0
Translocations | 4 5 |  5.0
Long Blades    | 2 9 13 14 | 14.0
Dodging        | 4 5 |  5.0
Stealth        | |  1.7

Action                   |  1- 3 |  4- 6 |  7- 9 | 10-12 | 13-15 || total
-------------------------+-------+-------+-------+-------+-------++-------
Melee: Dagger            |    53 |     9 |    16 |       |       ||    78
       Spear             |       |    50 |       |       |       ||    50
       Punch             |       |     1 |       |     6 |    25 ||    32
       Morningstar       |       |       |     8 |    53 |       ||    61
       Short sword       |       |       |       |   123 |       ||   123
       Scimitar          |       |       |       |   178 |  1613 ||  1791
Throw: Dart              |       |       |     3 |     8 |     8 ||    19
       Throwing net      |       |       |       |       |     2 ||     2
 Cast: Magic Dart        |   117 |    43 |    90 |    59 |   131 ||   440
       Searing Ray       |     1 |    12 |    35 |    27 |     8 ||    83
       Dazzling Flash    |       |       |     6 |     4 |     5 ||    15
       Fulminant Prism   |       |       |     7 |    86 |   109 ||   202
       Iskenderun's Myst |       |       |       |    53 |     2 ||    55
Evoke: Wand              |       |       |    11 |    37 |    17 ||    65
       Condenser vane    |       |       |       |       |     3 ||     3
       Phantom mirror    |       |       |       |       |     1 ||     1
  Use: Scroll            |       |       |    13 |     7 |    16 ||    36
       Potion            |       |       |     1 |     3 |     8 ||    12
 Stab: Sleeping          |     2 |       |       |       |       ||     2
       Paralysed         |       |       |       |    31 |       ||    31
       Held in net/web   |       |       |       |       |     1 ||     1
Armor: Robe              |     5 |       |       |       |       ||     5
       Leather armour    |       |     4 |       |       |       ||     4
       Scale mail        |       |    50 |    74 |   172 |       ||   296
       Chain mail        |       |       |       |   112 |  1033 ||  1145
Dodge: Dodged            |    45 |    63 |    94 |   224 |   656 ||  1082

Table legend: (Time is in decaauts)
 A = Elapsed time spent in this place.
 B = Non-inter-level travel time spent in this place.
 C = Inter-level travel time spent in this place.
 D = Time resting spent in this place.
 E = Time spent auto-exploring this place.
 F = Levels seen in this place.
 G = Mean time per level.
                   A        B        C        D        E       F      G
               +--------+--------+--------+--------+--------+-----+--------+
         Total |  34689 |  32007 |   2682 |   5149 |  18925 |  25 | 1387.6 |
       Dungeon |  21583 |  19589 |   1994 |   3525 |  12374 |  15 | 1438.9 |
          Lair |   8846 |   8270 |    576 |   1171 |   4922 |   6 | 1474.3 |
  Orcish Mines |   3007 |   2896 |    111 |    268 |   1318 |   2 | 1503.5 |
      Ice Cave |    874 |    874 |      0 |    125 |    257 |   1 |  874.0 |
      Gauntlet |    378 |    378 |      0 |     60 |     54 |   1 |  378.0 |
               +--------+--------+--------+--------+--------+-----+--------+

Top non-repeatable levels by time:
     D:8: 2596 daAuts
    D:10: 2555 daAuts
     D:7: 2320 daAuts
    D:11: 1806 daAuts
  Lair:1: 1800 daAuts
   Orc:2: 1721 daAuts
  Lair:4: 1638 daAuts
     D:1: 1613 daAuts
  Lair:6: 1589 daAuts
     D:5: 1553 daAuts
     D:9: 1428 daAuts
  Lair:5: 1399 daAuts
   Orc:1: 1285 daAuts
     D:2: 1282 daAuts
     D:3: 1264 daAuts
